AoeStats
← | ArCas | Toruk Makto

Arena

507795637Analyzed
4v4 RM · 12d ago on Sep 19, 2026· 59m 48s· 8 players
Game mode
Random Map
Map size
Large (8 player)
Population
200
Speed
Normal
Resources
Standard
Victory
Conquest
Starting age
Dark Age
Ending age
Imperial Age
RankedLock teamsTeams togetherTeam positionsShared explorationLock speedFull tech treeHidden civsTurbo modeCheats
Victory
Defeat
🇵🇹 Mongols · Portugal
1406
+14
🇨🇱 Mapuche · Chile
1360
+16
🇲🇽 Khmer · Mexico
1344
+17
🇲🇽 Wei · Mexico
1285
+19
🇫🇷 Tatars · France
1400
-18
🇲🇽 Magyars · Mexico
1363
-17
🇨🇱 Lithuanians · Chile
1351
-16
🇦🇷 Malay · Argentina
1324
-15
Niccals_
9:54 Feudal Age
13:33 Castle Age
12:07 Double-Bit Axe
12:30 Horse Collar
13:07 Gold Mining
19:15 Loom
21:16 Bow Saw
21:22 Heavy Plow
28:24 Imperial Age
26:28 Fletching
26:55 Padded Archer Armor
26:49 Gold Mining
27:55 Bodkin Arrow
28:10 Husbandry
28:21 Bloodlines
28:52 Leather Archer Armor
28:58 Ballistics
28:46 Heavy Cavalry Archer
30:36 Parthian Tactics
30:18 Bracer
31:30 Gold Shaft Mining
34:10 Chemistry
33:46 Ring Archer Armor
33:18 Stone Mining
34:48 Scale Barding Armor
34:13 Light Cavalry
37:00 Chain Barding Armor
36:02 Hussar
37:23 Wheelbarrow
38:55 Scale Mail Armor
39:31 Plate Barding Armor
38:18 Pikeman
38:44 Arson
39:58 Chain Mail Armor
42:31 Conscription
42:15 Corvinian Army
46:07 Elite Magyar Huszar
50:18 Hand Cart
51:44 Treadmill Crane
52:15 Masonry
ovejaelectrica
10:48 Feudal Age
15:12 Castle Age
13:44 Double-Bit Axe
13:42 Horse Collar
16:55 Scale Barding Armor
20:15 Bow Saw
21:26 Heavy Plow
21:57 Stone Mining
21:58 Gold Mining
23:10 Wheelbarrow
27:51 Chain Barding Armor
27:42 Forging
31:39 Imperial Age
30:38 Bloodlines
30:34 Husbandry
31:20 Iron Casting
30:41 Light Cavalry
32:17 Hand Cart
31:50 Loom
31:50 Town Watch
32:45 Conscription
33:34 Crop Rotation
32:36 Elite Leitis
34:14 Plate Barding Armor
38:40 Winged Hussar
39:39 Elite Skirmisher
40:25 Thumb Ring
40:13 Fletching
40:24 Padded Archer Armor
41:17 Tower Shields
42:32 Bodkin Arrow
42:52 Leather Archer Armor
43:16 Ballistics
44:52 Chemistry
43:54 Bracer
47:03 Ring Archer Armor
47:16 Cavalier
48:57 Masonry
48:22 Paladin
52:16 Town Patrol
52:48 Architecture
| ArCas | Toruk Makto
12:06 Feudal Age
15:43 Castle Age
13:46 Double-Bit Axe
13:43 Horse Collar
14:37 Loom
16:39 Squires
24:44 Forging
30:14 Gold Mining
32:31 Bow Saw
33:47 Wheelbarrow
32:59 Town Watch
35:07 Heavy Plow
36:04 Iron Casting
38:59 Imperial Age
37:53 Gold Shaft Mining
37:24 Pikeman
37:50 Arson
38:44 Stone Mining
41:37 Conscription
42:32 Fletching
43:59 Crop Rotation
43:48 Hand Cart
43:40 Man-at-Arms
43:59 Sappers
44:54 Murder Holes
46:00 Chemistry
46:26 Husbandry
45:52 Elite Battle Elephant
46:42 Bodkin Arrow
46:49 Padded Archer Armor
46:44 Crossbowman
47:30 Thumb Ring
48:42 Blast Furnace
47:43 Bracer
47:09 Long Swordsman
49:25 Arbalester
51:59 Leather Archer Armor
52:33 Town Patrol
53:10 Forced Levy
53:51 Two-Handed Swordsman
55:06 Elite Skirmisher
Hecktelion
9:31 Feudal Age
13:49 Castle Age
12:13 Double-Bit Axe
12:20 Horse Collar
21:08 Wheelbarrow
21:16 Heavy Plow
21:49 Stone Mining
23:04 Gold Mining
23:27 Bow Saw
24:45 Hand Cart
25:15 Gold Shaft Mining
24:53 Loom
29:34 Imperial Age
27:02 Fletching
27:13 Padded Archer Armor
27:37 Ballistics
28:06 Bodkin Arrow
28:25 Bloodlines
28:15 Husbandry
29:49 Leather Archer Armor
29:37 Heavy Cavalry Archer
30:19 Bracer
32:05 Ring Archer Armor
32:38 Chemistry
32:40 Town Watch
33:23 Silk Armor
33:44 Conscription
34:00 Siege Engineers
35:47 Crop Rotation
40:48 Masonry
40:19 Treadmill Crane
43:50 Timurid Siegecraft
Dark Gundam
11:03 Feudal Age
14:15 Castle Age
12:41 Double-Bit Axe
12:57 Horse Collar
14:10 Stone Mining
15:14 Loom
19:38 Wheelbarrow
20:25 Town Watch
21:13 Bow Saw
27:50 Imperial Age
25:52 Gold Mining
26:33 Bloodlines
26:27 Husbandry
27:07 Scale Barding Armor
27:16 Heavy Plow
28:28 Chain Barding Armor
28:41 Tusk Swords
29:01 Conscription
30:20 Plate Barding Armor
30:04 Elite Battle Elephant
31:39 Forging
33:57 Iron Casting
33:36 Light Cavalry
34:50 Hussar
36:44 Capped Ram
38:30 Ballistics
39:10 Chemistry
40:33 Heavy Scorpion
41:57 Double Crossbow
42:16 Hand Cart
43:57 Blast Furnace
45:03 Fletching
45:49 Crop Rotation
49:57 Siege Ram
50:54 Bodkin Arrow
54:05 Siege Engineers
De_Aztek
10:09 Feudal Age
11:08 Double-Bit Axe
11:41 Loom
16:23 Castle Age
16:08 Gold Mining
18:19 Bloodlines
18:09 Husbandry
25:06 Horse Collar
28:19 Heavy Plow
29:48 Wheelbarrow
33:52 Imperial Age
31:47 Hand Cart
31:19 Town Watch
31:52 Bow Saw
32:16 Forging
32:12 Scale Barding Armor
34:55 Chain Barding Armor
36:04 Heavy Hei Guang Cavalry
36:51 Town Patrol
37:32 Iron Casting
37:47 Gold Shaft Mining
38:35 Conscription
38:12 Pikeman
38:52 Squires
39:58 Ming Guang Armor
40:22 Halberdier
51:43 Caravan
51:52 Elite Tiger Cavalry
56:06 Chemistry
55:27 Ballistics
GunsNroses
11:18 Feudal Age
15:39 Castle Age
13:33 Double-Bit Axe
13:29 Horse Collar
19:13 Bow Saw
19:12 Loom
20:29 Town Watch
27:54 Ballistics
30:34 Imperial Age
28:19 Fletching
28:30 Padded Archer Armor
28:52 Gold Mining
28:52 Stone Mining
29:03 Heavy Plow
30:58 Wheelbarrow
30:22 Bodkin Arrow
30:42 Leather Archer Armor
30:39 Masonry
32:06 Gold Shaft Mining
32:02 Crop Rotation
32:04 Malon
31:45 Elite Skirmisher
33:45 Ring Archer Armor
34:18 Chemistry
34:50 Forging
35:51 Capped Ram
37:28 Iron Casting
37:10 Hand Cart
38:11 Conscription
38:01 Elite Bolas Rider
39:45 Scale Mail Armor
39:49 Caravan
42:10 Stone Shaft Mining
41:31 Champi Runner
43:29 Murder Holes
44:07 Architecture
44:17 Hoardings
46:37 Champi Warrior
49:43 Blast Furnace
49:01 Chain Mail Armor
49:15 Elite Champi Warrior
51:30 Plate Mail Armor
52:44 Blast Furnace
55:07 Pikeman
55:35 Arson
57:54 Halberdier
冰人
10:04 Feudal Age
12:08 Double-Bit Axe
14:28 Castle Age
12:48 Loom
16:13 Fletching
16:08 Horse Collar
22:30 Bodkin Arrow
25:05 Padded Archer Armor
27:15 Stone Mining
28:37 Town Watch
29:27 Wheelbarrow
32:55 Stone Shaft Mining
35:50 Imperial Age
33:55 Bow Saw
34:59 Ballistics
35:11 Hand Cart
37:52 Chemistry
37:01 Husbandry
37:31 Bracer
38:44 Elite Mangudai
39:39 Bloodlines
40:45 Leather Archer Armor
41:29 Conscription
42:47 Parthian Tactics
42:28 Thumb Ring
43:06 Murder Holes
43:25 Fortified Wall
43:26 Masonry
43:16 Gold Mining
47:47 Coinage
49:16 Hoardings
51:58 Drill
52:17 Caravan
52:48 Banking
51:50 Capped Ram
53:24 Siege Engineers
52:54 Siege Ram
Connection lost

Rejoining the realm…

Still unreachable

The connection could not be restored.

Session expired

The server has moved on; the page needs a fresh start.